 Dungeon Crawl Stone Soup version 0.22.1-1-ga44c0e5 (webtiles) character file.

4209 Folque the Geomancer (level 10, -1/84 HPs)
             Began as a Grey Draconian Earth Elementalist on Oct 19, 2018.
             Was a Believer of Sif Muna.
             Killed from afar by Erica (29 damage)
             ... with an orb of energy
             ... on level 8 of the Dungeon.
             The game lasted 00:38:47 (8229 turns).

Folque the Geomancer (DrEE)                         Turns: 8229, Time: 00:38:48

Health: -1/84      AC: 20    Str: 11    XL:     10   Next: 8%
Magic:  2/19       EV: 13    Int: 19    God:    Sif Muna [**....]
Gold:   417        SH:  0    Dex: 11    Spells: 6/21 levels left

rFire    . . .     SeeInvis .   E - +2 trident (protect)
rCold    . . .     Gourm    .   (no shield)
rNeg     . . .     Faith    .   (armour unavailable)
rPois    .         Spirit   .   (helmet restricted)
rElec    .         Reflect  .   (no cloak)
rCorr    .         Harm     .   N - +0 pair of gloves
MR       .....                  (no boots)
Stlth    ++........             (no amulet)
HPRegen  0.24/turn              (no ring)
MPRegen  0.16/turn              (no ring)

@: protection aura, divine energy
A: walk through water, unfitting armour, unbreathing, cold-blooded, AC +12
a: Stop Divine Energy, Renounce Religion


You were on level 8 of the Dungeon.
You worshipped Sif Muna.
Sif Muna was pleased with you.
You were very hungry.

You visited 2 branches of the dungeon, and saw 9 of its levels.

You collected 417 gold pieces.

Inventory:

Hand Weapons
 h - a +0 whip
 q - a +0 blowgun
 s - a +0 blowgun
 x - a +0 falchion
 z - a +1 scimitar
 E - a +2 trident of protection (weapon)
 I - a +0 morningstar of holy wrath
Missiles
 a - 3 javelins
 b - 113 stones (quivered)
 t - 60 poisoned needles
Armour
 i - a scarf of cloud immunity
 M - a cursed +0 buckler
 N - a +0 pair of gloves (worn)
Jewellery
 j - a +5 ring of dexterity
 l - an uncursed ring of fire
 A - a +2 ring of dexterity
Wands
 f - a wand of acid (9)
 n - a wand of random effects (29)
 w - a wand of disintegration (11)
 F - a wand of flame (36)
 H - a wand of polymorph (10)
 O - a wand of enslavement (12)
Scrolls
 g - 5 scrolls of identify
 o - a scroll of immolation {unknown}
 r - 2 scrolls of magic mapping
 u - a scroll of acquirement {unknown}
 v - a scroll of remove curse
 y - a scroll of enchant armour
 C - a scroll of amnesia
 D - a scroll of fear {unknown}
 G - 2 scrolls of random uselessness {unknown}
 J - a scroll of teleportation
 L - a scroll of blinking
Potions
 d - 3 potions of mutation {unknown}
 e - 4 potions of flight
 k - 4 potions of curing
 m - 2 potions of agility
 p - a potion of heal wounds {unknown}
 B - a potion of degeneration
Comestibles
 c - 7 rations
 K - 4 chunks of flesh


   Skills:
 + Level 6.3 Fighting
 - Level 4.0 Dodging
 - Level 1.7 Stealth
 * Level 1.8 Shields
 - Level 6.0 Spellcasting
 - Level 3.0 Conjurations
 + Level 2.6 Transmutations
 + Level 11.1 Earth Magic
 - Level 5.0 Invocations


You had 6 spell levels left.
You knew the following spells:

 Your Spells              Type           Power        Failure   Level  Hunger
a - Sandblast             Erth           #####.       1%          1    None
b - Passwall              Tmut/Erth      ####....     1%          2    None
c - Stone Arrow           Conj/Erth      ####..       1%          3    ##.....
d - Lee's Rapid Deconstr  Erth           #####.....   3%          5    #####..
e - Petrify               Tmut/Erth      ####....     7%          4    ####...

Your spell library contained the following spells:

 Spells                   Type           Power        Failure   Level  Hunger


Dungeon Overview and Level Annotations

Branches:
Dungeon (8/15)             Temple (1/1) D:4
   Lair: D:8-11

Altars:
Ashenzari
Cheibriados
Dithmenos
Elyvilon
Fedhas
Gozag
Hepliaklqana
Kikubaaqudgha
Makhleb
Nemelex Xobeh
Okawaru
Qazlal
Ru
Sif Muna
Trog
Uskayaw
Vehumet
Wu Jian
Xom
Yredelemnul
Zin
The Shining One

Shops:
D:4 =   D:7 ?

Annotations:
D:8 Erica


Innate Abilities, Weirdness & Mutations

You can walk through water.
Your dull iron-grey scales are very hard. (AC +12)
You cannot fit into any form of body armour.
You can survive without breathing.
You are cold-blooded and may be slowed by cold attacks.


Message History

Erica is almost dead.
Attack whom?
Press: ? - help, Dir - move target cursor, f/p - Erica
Aim: Erica, wielding a scimitar of flaming and wearing a robe (almost dead, You reach to attack!
The helpless Erica fails to defend herself.
You hit Erica.
Erica is almost dead.
You regain access to your magic.
Attack whom?
Press: ? - help, Dir - move target cursor, f/p - Erica
Aim: Erica, wielding a scimitar of flaming and wearing a robe (almost dead, You reach to attack!
The helpless Erica fails to defend herself.
You hit Erica.
Erica is almost dead.
Erica is no longer petrified.
Erica points at you and mumbles some strange words.
The orb of energy hits you!
You die...

#.# #.
########.#
#.
#......{.#
#.
#.########
#. #.# #.
#.# ## #@#
#.# #@#
#.# #.#
#.# #.#
#.# #.#
#.# #.#


You could see Erica.

Vanquished Creatures
  Joseph (D:8)
  A hornet (D:8)
  2 hippogriffs
  4 yaks (D:8)
  2 hungry ghosts
  2 soldier ants (D:8)
  2 water moccasins
  A sky beast (D:8)
  2 black bears (D:8)
  An ice beast (D:7)
  A phantom (D:5)
  2 ogres (D:4)
  A centaur (D:8)
  2 bullfrogs (D:8)
  4 scorpions
  A wyvern skeleton (D:8)
  A howler monkey (D:3)
  A crimson imp (D:5)
  A jelly (D:7)
  A quasit (D:6)
  2 hounds
  2 orc priests
  A centaur skeleton (D:5)
  7 orc wizards
  4 worker ants
  An iguana (D:5)
  A hound zombie (D:7)
  A hound skeleton (D:4)
  3 worker ant zombies (D:5)
  6 gnolls
  14 adders
  An ooze (D:1)
  An adder zombie (D:8)
  6 worms
  4 dart slugs
  4 leopard geckos
  18 orcs
  10 bats
  6 giant cockroaches
  9 goblins
  12 hobgoblins
  8 jackals
  4 quokkas
  2 ball pythons
  8 frilled lizards
  A jackal skeleton (D:5)
  10 kobolds
  2 quokka zombies
  4 rats
  2 fungi (D:3)
187 creatures vanquished.

Notes
Turn   | Place    | Note
-------+----------+-------------------------------------------
     0 | D:1      | Folque the Draconian Earth Elementalist began the quest for
                  | the Orb.
     0 | D:1      | Reached XP level 1. HP: 14/14 MP: 3/3
    75 | D:1      | Reached skill level 1 in Fighting
    84 | D:1      | Reached XP level 2. HP: 21/23 MP: 1/5
   638 | D:1      | Reached XP level 3. HP: 12/29 MP: 4/6
  1042 | D:2      | Found a sacrificial altar of Ru.
  1046 | D:2      | Learned a level 2 spell: Passwall
  1050 | D:2      | Learned a level 3 spell: Stone Arrow
  1258 | D:2      | Reached XP level 4. HP: 36/36 MP: 1/8
  1940 | D:2      | Reached skill level 1 in Conjurations
  2030 | D:3      | Found a snail-covered altar of Cheibriados.
  2193 | D:3      | Reached skill level 4 in Earth Magic
  2419 | D:3      | Found a stormy altar of Qazlal.
  2420 | D:3      | Found a basalt altar of Yredelemnul.
  2420 | D:3      | Found a radiant altar of Vehumet.
  2448 | D:3      | Reached XP level 5. HP: 31/41 MP: 2/10
  2518 | D:3      | Found a hide-covered altar of Uskayaw.
  2772 | D:3      | Learned a level 5 spell: Lee's Rapid Deconstruction
  2931 | D:4      | Noticed an ogre
  2935 | D:4      | Killed an ogre
  3018 | D:4      | Found Likaot's Jewellery Shop.
  3075 | D:4      | Noticed an ogre
  3083 | D:4      | Reached XP level 6. HP: 46/48 MP: 0/11
  3461 | D:4      | Found a staircase to the Ecumenical Temple.
  3467 | Temple   | Entered the Ecumenical Temple
  3673 | Temple   | Became a worshipper of Sif Muna the Loreminder
  3723 | D:4      | Reached skill level 5 in Earth Magic
  4255 | D:5      | Entered Level 5 of the Dungeon
  4385 | D:5      | Your scales start taking on a dull iron-grey colour.
  4385 | D:5      | Reached skill level 6 in Earth Magic
  4385 | D:5      | Reached XP level 7. HP: 52/55 MP: 4/13
  4385 | D:5      | Gained mutation: You can survive without breathing. [Grey
                  | Draconian growth]
  4745 | D:5      | Reached skill level 7 in Earth Magic
  4789 | D:5      | Found an iron altar of Okawaru.
  5085 | D:5      | Reached * piety under Sif Muna
  5480 | D:6      | Noticed a cyclops
  5776 | D:7      | Found Goagosut's Magic Scroll Boutique.
  5782 | D:7      | Noticed a hungry ghost
  5790 | D:7      | Reached skill level 8 in Earth Magic
  5791 | D:7      | Reached XP level 8. HP: 53/61 MP: 0/14
  5814 | D:7      | Reached skill level 9 in Earth Magic
  5814 | D:7      | Reached skill level 1 in Invocations
  5848 | D:7      | Learned a level 4 spell: Petrify
  6033 | D:7      | Noticed a hippogriff
  6068 | D:6      | Killed a hippogriff
  6273 | D:7      | Reached skill level 10 in Earth Magic
  6277 | D:7      | Reached ** piety under Sif Muna
  6496 | D:7      | Found a glowing golden altar of the Shining One.
  6673 | D:8      | Reached skill level 5 in Spellcasting
  6673 | D:8      | Reached XP level 9. HP: 68/68 MP: 1/16
  7466 | D:8      | Reached skill level 5 in Fighting
  7723 | D:8      | Reached skill level 5 in Invocations
  7972 | D:8      | Reached skill level 11 in Earth Magic
  8001 | D:8      | Reached XP level 10. HP: 83/83 MP: 15/19
  8003 | D:8      | Noticed Joseph
  8023 | D:8      | Killed Joseph
  8023 | D:8      | Reached skill level 1 in Shields
  8183 | D:8      | Noticed Erica
  8229 | D:8      | Killed from afar by Erica

Skill      XL: |  1  2  3  4  5  6  7  8  9 10 |
---------------+-------------------------------+-----
Fighting       | 1 2 6 |  6.3
Spellcasting   | 3 4 5 6 |  6.0
Conjurations   | 1 2 3 |  3.0
Earth Magic    | 4 6 8 10 11 | 11.1
Dodging        | 2 3 4 |  4.0
Transmutations | 2 |  2.6
Invocations    | 3 5 |  5.0
Shields        | 1 |  1.8
Stealth        | |  1.7

Action                   |  1- 3 |  4- 6 |  7- 9 | 10-12 || total
-------------------------+-------+-------+-------+-------++-------
Melee: Unarmed           |    47 |       |    11 |       ||    58
       Tailslap          |    13 |    23 |    11 |       ||    47
       Whip              |    49 |   172 |       |       ||   221
       Falchion          |       |    34 |       |       ||    34
       Scimitar          |       |    31 |    46 |       ||    77
       Trident           |       |       |   153 |    17 ||   170
 Fire: Blowgun           |       |       |     9 |       ||     9
 Cast: Sandblast         |    26 |     8 |    25 |     3 ||    62
       Stone Arrow       |     2 |    31 |    25 |     3 ||    61
       Lee's Rapid Decon |       |     1 |    26 |     5 ||    32
       Petrify           |       |       |    20 |     3 ||    23
Invok: Divine Energy     |       |       |     2 |       ||     2
       Stop Divine Energ |       |       |     1 |       ||     1
Evoke: Wand              |       |       |     1 |       ||     1
  Use: Scroll            |       |    10 |     5 |       ||    15
       Potion            |       |       |     2 |     1 ||     3
 Stab: Sleeping          |     1 |     3 |     1 |       ||     5
       Distracted        |       |     1 |       |       ||     1
       Petrified         |       |       |    34 |    10 ||    44
  Eat: Chunk             |     2 |    13 |    21 |     1 ||    37
       Ration            |       |       |     4 |       ||     4
Armor: Skin              |    37 |    75 |   119 |     5 ||   236
Dodge: Dodged            |    69 |   168 |   162 |     5 ||   404
       Rpst.: Falchion   |       |    10 |       |       ||    10
       Scimitar          |       |     7 |     7 |       ||    14
